 Dungeon Crawl Stone Soup version 0.14.0-6-g1bc2dff (webtiles) character file.

134 Medar the Practitioner (level 3, -1/28 HPs)
             Began as a Hill Orc Healer on Apr 11, 2014.
             Was a Believer of Elyvilon.
             Succumbed to poison (curare-tipped needle)
             ... on Level 2 of the Dungeon.
             The game lasted 00:05:55 (2277 turns).

Medar the Practitioner (Hill Orc Healer)            Turns: 2277, Time: 00:05:55

HP  -1/28        AC  3     Str 15      XL: 3   Next: 89%
MP   6/6         EV 12     Int 12      God: Elyvilon [**....]
Gold 81          SH  0     Dex 10      Spells:  0 memorised,  2 levels left

rFire  . . .     SeeInvis .     a - +0,+1 hand axe
rCold  . . .     Clarity  .     j - +1 robe
rNeg   . . .     Conserve .     (no shield)
rPois  .         rCorr    .     (no helmet)
rElec  .         rRot     .     (no cloak)
SustAb . .       Spirit   .     (no gloves)
rMut   .         Warding  .     (no boots)
Saprov + . .     Stasis   .     (no amulet)
MR     .....                    (no ring)
                                (no ring)

@: short of breath, lethally poisoned, slowed, very slow, not resistant to
hostile enchantments, unstealthy
A: saprovore 1
a: Lesser Healing, Lesser Self-Healing, Divine Protection, Purification,
Renounce Religion


You were on level 2 of the Dungeon.
You worshipped Elyvilon.
Elyvilon was pleased with you.
You were not hungry.

You visited 1 branch of the dungeon, and saw 3 of its levels.

You collected 81 gold pieces.

Inventory:

Hand weapons
 a - a +0,+1 hand axe (weapon)
 h - a +0,+0 dagger
Armour
 j - a +1 robe (worn)
Comestibles
 d - 4 meat rations
 f - 2 chokos
 p - 3 bread rations
 r - a pear
 t - 3 apples
 v - 2 oranges
Scrolls
 e - a scroll of enchant weapon II
 g - a scroll of identify {unknown}
 l - a scroll of enchant weapon I {unknown}
 n - a scroll of magic mapping
 q - a scroll of teleportation {unknown}
 u - a scroll of amnesia {unknown}
Potions
 b - 3 potions of curing
 c - 3 potions of heal wounds
 i - a potion of resistance {unknown}
 k - 3 potions of agility {unknown}
 m - a potion of haste {unknown}
 o - a potion of brilliance {unknown}
 s - 2 potions of cure mutation {unknown}


   Skills:
 - Level 1.2 Fighting
 + Level 2.7 Axes
 - Level 1.5 Dodging
 - Level 5.1 Invocations


You had 2 spell levels left.
You didn't know any spells.

Dungeon Overview and Level Annotations

Branches:
Dungeon (3/15)

Altars:
Cheibriados
Fedhas


Innate Abilities, Weirdness & Mutations

You can tolerate rotten meat.


Message History

The hound is heavily wounded.
You feel sick. The hound closely misses you.
The kobold shoots a curare-tipped needle.
The curare-tipped needle misses you. The hound bites you but does no damage.
The kobold shoots a curare-tipped needle.
The curare-tipped needle misses you.
A jackal comes into view.
You feel sick. The hound bites you but does no damage. The hound bites you.
The kobold shoots a curare-tipped needle.
The curare-tipped needle hits you!
You are lethally poisoned!
You have difficulty breathing.
* * * LOW HITPOINT WARNING * * *
You feel as though you will be slow longer.
The hound bites you.
* * * LOW HITPOINT WARNING * * *
The kobold shoots a curare-tipped needle.
The curare-tipped needle misses you.
You climb upwards.
You die...

.# #...#....# ##
#...#.#### # #...#.#
### #...#.#
..####...#.# ######
...........###.##.##
.........#.....##..#
#.####...######h.###
#.# #...######.@###
#.# #.........##..#
#.####.......#.##.##
..............#####
#.####........#
#.####...#._.####
................#
.........###....#
.....#.#.# #....#


You could see a hound.

Vanquished Creatures
  An adder (D:2)
  A worm (D:2)
  A giant gecko (D:2)
  5 giant cockroaches
  4 goblins
  A jackal (D:1)
  A bat (D:2)
  3 rats
17 creatures vanquished.

Vanquished Creatures (others)
  A giant mite (D:1)
  An orc (D:3)
  A giant newt (D:1)
  2 goblins (D:1)
5 creatures vanquished.

Grand Total: 22 creatures vanquished

Notes
Turn   | Place    | Note
--------------------------------------------------------------
     0 | D:1      | Medar, the Hill Orc Healer, began the quest for the Orb.
     0 | D:1      | Reached XP level 1. HP: 16/16 MP: 2/2
    89 | D:1      | Reached skill level 4 in Invocations
   338 | D:1      | Reached XP level 2. HP: 20/23 MP: 2/4
  1340 | D:2      | Reached skill level 5 in Invocations
  1465 | D:2      | Reached XP level 3. HP: 15/28 MP: 6/6
  1605 | D:2      | Reached skill level 1 in Axes
  1915 | D:2      | Found a snail-covered altar of Cheibriados.
  2122 | D:2      | Found a blossoming altar of Fedhas.
  2277 | D:2      | Succumbed to poison (curare-tipped needle)

Action                   || total
-------------------------++-------
Melee: Unarmed           ||    24
       Hand axe          ||    65
Invok: Lesser Healing    ||    28
  Use: Scroll            ||     2
